 Dungeon Crawl Stone Soup version 0.25-a0-265-g7af84ae0ac (webtiles) character file.

Game seed: 10063700904028378535, levelgen mode: deterministic

155 Redear the Firebug (level 4, 0/49 HPs)
             Began as a Demigod Fire Elementalist on Dec 8, 2019.
             Succumbed to a water moccasin's poison
             ... on level 3 of the Dungeon.
             The game lasted 00:04:25 (2135 turns).

Redear the Firebug (Demigod Fire Elementalist)      Turns: 2135, Time: 00:04:26

Health: 0/49       AC: 22    Str: 16    XL:     4   Next: 90%
Magic:  5/11       EV:  2    Int: 19    God:
Gold:   112        SH:  0    Dex: 18    Spells: 5/9 levels left

rFire    . . .     SeeInvis .   (no weapon)
rCold    . . .     Gourm    .   (no shield)
rNeg     + + +     Faith    .   (armour currently unavailable)
rPois    +         Spirit   .   (helmet currently unavailable)
rElec    .         Reflect  .   (cloak currently unavailable)
rCorr    .         Harm     .   (gloves currently unavailable)
MR       .....     NoTele   +   (boots currently unavailable)
Stlth    ++........             (no amulet)
HPRegen  0.16/turn              (no ring)
MPRegen  0.12/turn              (no ring)

@: mighty, lethally poisoned (0 -> -8), tree-form
A: high mp 1
a: no special abilities


You were on level 3 of the Dungeon.
You were not hungry.
You were a tree.
You visited 1 branch of the dungeon, and saw 3 of its levels.

You collected 112 gold pieces.

Inventory:

Missiles
 d - 69 arrows
 k - 7 atropa-tipped darts (quivered)
Armour
 a - a +0 robe (melded)
 h - a +0 leather armour
 l - a +0 buckler
Jewellery
 e - an uncursed ring of flight {unknown}
Scrolls
 c - 5 scrolls of identify {unknown}
 g - a scroll of blinking {unknown}
 i - a scroll of remove curse {unknown}
Comestibles
 m - 5 chunks of flesh
 z - 4 rations


   Skills:
 - Level 1.7 Dodging
 - Level 1.7 Stealth
 + Level 3.0 Spellcasting
 + Level 2.6 Conjurations
 + Level 3.7 Fire Magic


You had 5 spell levels left.
You knew the following spells:

 Your Spells              Type           Power        Failure   Level  Hunger
a - Foxfire               Conj/Fire      ###.         4%          1    None
j - Conjure Flame         Conj/Fire      ###.....     12%         3    ###....

Your spell library contained the following spells:

 Spells                   Type           Power        Failure   Level  Hunger
 Inner Flame              Hex/Fire       ##......     22%         3    ###....
 Sticky Flame             Conj/Fire      ###.....     38%         4    ####...
 Fireball                 Conj/Fire      ###.......   75%         5    ######.


Dungeon Overview and Level Annotations

Branches:
Dungeon (3/15)


Innate Abilities, Weirdness & Mutations

You have an increased reservoir of magic. (+10% MP)


Message History

* * * LOW HITPOINT WARNING * * *
You feel sick.
You take 1 damage, and have 4/49 hp.
You cannot move.
You aren't carrying any potions.
Unknown command.
Unknown command.
Unknown command.
* * * LOW HITPOINT WARNING * * *
You feel sick.
You take 1 damage, and have 3/49 hp.
* * * LOW HITPOINT WARNING * * *
You feel sick.
You take 1 damage, and have 2/49 hp.
* * * LOW HITPOINT WARNING * * *
You feel sick.
* * * LOW HITPOINT WARNING * * *
You feel sick.
You take 1 damage, and have 1/49 hp.
You die...

#.....#..## #. #.#.|
#.....#... #.# #.#.#
#.....#.#.###.# #.#.#
#.......#...... #.#.#
+.......##..#.####.#.#
#..............÷÷.....
#......###.........#..
#..................#..
#....♣.###.........#..
######.# #...>.....#.÷
#.###.........#..
#.......###+#.#..
#.......# #.#..
#.......# .#.#
#.....>.# .#.#
#.......# #.#
+.......# #+#


There were no monsters in sight!

Vanquished Creatures
  A water moccasin (D:3)
  An adder (D:2)
  A worm (D:3)
  3 dart slugs
  A leopard gecko (D:2)
  3 goblins (D:1)
  6 hobgoblins
  2 jackals (D:3)
  A ball python (D:2)
  5 bats
  3 frilled lizards
  3 kobolds
  2 rats (D:1)
32 creatures vanquished.

Vanquished Creatures (others)
  56 foxfires
56 creatures vanquished.

Grand Total: 88 creatures vanquished

Notes
Turn   | Place    | Note
-------+----------+-------------------------------------------
     0 | D:1      | Redear the Demigod Fire Elementalist began the quest for
                  | the Orb.
     0 | D:1      | Reached XP level 1. HP: 14/14 MP: 5/5
    43 | D:1      | Reached skill level 1 in Conjurations
   136 | D:1      | Reached skill level 2 in Spellcasting
   484 | D:1      | Reached XP level 2. HP: 7/20 MP: 4/7
   660 | D:1      | Reached skill level 3 in Fire Magic
  1537 | D:2      | Reached XP level 3. HP: 20/26 MP: 5/9
  1592 | D:2      | Found a white marble altar of Elyvilon.
  2011 | D:3      | Learned a level 3 spell: Conjure Flame
  2109 | D:3      | Noticed a water moccasin
  2128 | D:3      | Killed a water moccasin
  2128 | D:3      | Reached skill level 3 in Spellcasting
  2128 | D:3      | Reached skill level 2 in Conjurations
  2128 | D:3      | Reached XP level 4. HP: 4/33 MP: 4/11
  2130 | D:3      | HP: 4/49 [poisoned by a water moccasin]
  2134 | D:3      | HP: 1/49 [poisoned by a water moccasin]
  2135 | D:3      | Succumbed to a water moccasin's poison

Levels and vault maps discovered:
D:1:      wander_arrival_lonely_grave, layout_loops_cross
D:2:      layout_basic, nicolae_overflow_crystal_walls
D:3:      layout_basic, old_standard_altar, ebering_ghost_sewer_d, uniq_grinder

Skill      XL: |  1  2  3 |
---------------+----------+-----
Conjurations   | 1 2 |  2.6
Spellcasting   | 2 3 |  3.0
Fire Magic     | 3 |  3.7
Dodging        | |  1.7
Stealth        | |  1.7

Action                   |  1- 3 |  4- 6 || total
-------------------------+-------+-------++-------
Melee: Unarmed           |    65 |       ||    65
 Cast: Foxfire           |    36 |       ||    36
  Use: Potion            |     2 |     2 ||     4
 Stab: Sleeping          |     5 |       ||     5
  Eat: Chunk             |     4 |       ||     4
Armor: Robe              |    23 |       ||    23
Dodge: Dodged            |    76 |       ||    76

Table legend:
 A = Non-vault XP
 B = Vault XP
 C = Vault XP percentage of total XP
 D = Non-vault monster count
 E = Vault monster count
 F = Vault count percentage of total count
                 A         B        C        D         E       F
            +---------+---------+-------+---------+---------+-------
      Total |     222 |       0 |   0.0 |      32 |       0 |   0.0
            +---------+---------+-------+---------+---------+-------
        D:1 |      34 |       0 |   0.0 |      19 |       0 |   0.0
        D:2 |      27 |       0 |   0.0 |       8 |       0 |   0.0
        D:3 |     161 |       0 |   0.0 |       5 |       0 |   0.0
            +---------+---------+-------+---------+---------+-------
